[ AOE2 MATCH · #505927122 ]
UnrankedBritons vs Wei
Player's team · WIN
Rival team · LOSS
[ REPLAY ANALYSIS · EXTRACTED FROM THE RECORDED GAME ]
Feudal
8:51
Castle
24:46
Imperial
—
| APM avg | 78.7 |
| APM peak | 122 |
| eAPM avg | 20.7 |
| Villagers / military | 76 / 46 |
Focus
⚔️ 32.4% · 🌾 67.6%
Archer ×31 · Knight ×5 · Militia ×5 · Scout Cavalry ×3 · Monk ×1 · Skirmisher ×1
Feudal
9:21
Castle
23:20
Imperial
—
| APM avg | 60.7 |
| APM peak | 95 |
| eAPM avg | 30.4 |
| Villagers / military | 92 / 25 |
Focus
⚔️ 44.1% · 🌾 55.9%
Unknown (1952) ×33 · Skirmisher ×16 · Archer ×5 · Mangonel ×2 · Spearman ×2
Match map
Initial resources + every placement click. Lines = walls · curves = elevation contours. ◆ gold · ⬟ stone · ● berries · ✦ relic · ◌ wall gap
Your base· ✓ Closed at 24:46 · 57t walls · 1 gate(s)
DGHIR | El Docente's base· ✓ Closed at 23:20 · 37t walls · 1 gate(s)
Smoothed initial terrain · ◌ = detected wall gap · hover for details
Inputs per minute
— 挨打不还手 - - DGHIR | El Docente
Build order — 挨打不还手
First 150 of 254 actions detected
| 0:01 | Queue | Villager (Male) |
| 0:01 | Queue | Villager (Male) |
| 0:02 | Queue | Villager (Male) |
| 0:02 | Queue | Villager (Male) |
| 0:02 | Queue | Villager (Male) |
| 0:04 | Build | House |
| 0:07 | Build | House |
| 1:24 | Queue | Villager (Male) |
| 1:24 | Queue | Villager (Male) |
| 1:49 | Build | Lumber Camp |
| 1:55 | Queue | Villager (Male) |
| 1:55 | Queue | Villager (Male) |
| 2:00 | Queue | Villager (Male) |
| 2:00 | Queue | Villager (Male) |
| 2:00 | Queue | Villager (Male) |
| 2:38 | Queue | Villager (Male) |
| 3:15 | Queue | Villager (Male) |
| 3:15 | Queue | Villager (Male) |
| 3:16 | Queue | Villager (Male) |
| 3:49 | Queue | Villager (Male) |
| 3:49 | Queue | Villager (Male) |
| 3:49 | Queue | Villager (Male) |
| 3:52 | Build | House |
| 4:25 | Queue | Villager (Male) |
| 5:15 | Queue | Villager (Male) |
| 5:38 | Build | Barracks |
| 5:46 | Queue | Villager (Male) |
| 6:05 | Build | House |
| 6:15 | Research | Loom |
| 6:40 | Research | Feudal Age |
| 6:41 | Research | Feudal Age |
| 6:53 | Queue | Militia |
| 6:53 | Queue | Militia |
| 7:21 | Build | Mining Camp |
| 7:25 | Build | House |
| 7:26 | Queue | Militia |
| 7:49 | Queue | Militia |
| 7:49 | Queue | Militia |
| 7:59 | Build | House |
| 8:09 | Queue | Villager (Male) |
| 8:22 | Build | Mill |
| 8:43 | Queue | Villager (Male) |
| 8:51 | Age | Feudal Age |
| 8:55 | Research | Man-at-Arms (upgrade) |
| 8:55 | Research | Man-at-Arms (upgrade) |
| 9:20 | Queue | Villager (Male) |
| 9:55 | Queue | Villager (Male) |
| 10:07 | Build | Farm |
| 10:08 | Queue | Villager (Male) |
| 10:23 | Build | House |
| 10:25 | Build | Palisade Wall |
| 10:32 | Build | Farm |
| 10:37 | Build | Mining Camp |
| 10:46 | Queue | Villager (Male) |
| 11:01 | Build | Watch Tower |
| 11:11 | Build | Archery Range |
| 11:13 | Queue | Villager (Male) |
| 11:29 | Build | Palisade Wall |
| 11:38 | Build | House |
| 11:42 | Queue | Villager (Male) |
| 11:50 | Build | Palisade Wall |
| 12:06 | Build | Palisade Wall |
| 12:07 | Build | Palisade Wall |
| 12:20 | Build | Palisade Wall |
| 12:23 | Build | Palisade Wall |
| 12:24 | Build | Palisade Wall |
| 12:24 | Build | Palisade Wall |
| 12:24 | Build | Palisade Wall |
| 12:24 | Build | Palisade Wall |
| 12:25 | Build | Palisade Wall |
| 12:25 | Build | Palisade Wall |
| 12:25 | Build | Palisade Wall |
| 12:27 | Queue | Villager (Male) |
| 12:37 | Build | Farm |
| 12:41 | Queue | Archer |
| 12:53 | Queue | Villager (Male) |
| 13:14 | Build | Outpost |
| 13:16 | Queue | Villager (Male) |
| 13:32 | Build | Watch Tower |
| 13:36 | Queue | Archer |
| 13:37 | Queue | Archer |
| 13:41 | Queue | Villager (Male) |
| 14:03 | Queue | Villager (Male) |
| 14:09 | Build | Farm |
| 14:27 | Queue | Villager (Male) |
| 14:37 | Build | House |
| 14:41 | Queue | Villager (Male) |
| 14:46 | Build | Farm |
| 14:53 | Build | Palisade Gate |
| 14:59 | Queue | Archer |
| 15:00 | Queue | Villager (Male) |
| 15:20 | Build | Watch Tower |
| 15:30 | Queue | Villager (Male) |
| 15:35 | Build | Blacksmith |
| 15:44 | Build | House |
| 15:50 | Research | Double-Bit Axe |
| 15:51 | Research | Double-Bit Axe |
| 15:52 | Queue | Villager (Male) |
| 15:54 | Build | Farm |
| 16:03 | Queue | Archer |
| 16:20 | Build | Palisade Wall |
| 16:20 | Build | Palisade Wall |
| 16:21 | Build | Palisade Wall |
| 16:21 | Build | Palisade Wall |
| 16:21 | Build | Palisade Wall |
| 16:21 | Build | Palisade Wall |
| 16:29 | Queue | Villager (Male) |
| 16:32 | Build | House |
| 16:51 | Queue | Villager (Male) |
| 16:56 | Build | Lumber Camp |
| 17:03 | Research | Fletching |
| 17:03 | Research | Fletching |
| 17:04 | Research | Fletching |
| 17:18 | Build | Outpost |
| 17:22 | Queue | Villager (Male) |
| 17:25 | Build | Farm |
| 17:51 | Queue | Villager (Male) |
| 18:01 | Build | Stable |
| 18:07 | Queue | Villager (Male) |
| 18:10 | Build | Farm |
| 18:11 | Build | Farm |
| 18:16 | Queue | Archer |
| 18:16 | Queue | Archer |
| 18:23 | Build | House |
| 18:31 | Build | Farm |
| 18:32 | Queue | Villager (Male) |
| 18:37 | Queue | Archer |
| 18:54 | Queue | Scout Cavalry |
| 19:02 | Queue | Villager (Male) |
| 19:03 | Build | Farm |
| 19:13 | Queue | Scout Cavalry |
| 19:19 | Queue | Villager (Male) |
| 19:27 | Build | Farm |
| 19:27 | Build | Farm |
| 19:27 | Build | Farm |
| 19:27 | Build | Farm |
| 19:27 | Build | Farm |
| 19:39 | Queue | Villager (Male) |
| 19:45 | Build | Outpost |
| 20:17 | Queue | Villager (Male) |
| 20:27 | Build | Outpost |
| 20:40 | Build | Market |
| 20:53 | Queue | Villager (Male) |
| 20:58 | Build | Watch Tower |
| 21:00 | Queue | Scout Cavalry |
| 21:04 | Queue | Archer |
| 21:16 | Queue | Villager (Male) |
| 21:19 | Build | Farm |
| 21:20 | Build | Farm |
| 22:06 | Research | Castle Age |
Build order — DGHIR | El Docente
First 150 of 258 actions detected
| 0:01 | Queue | Villager (Male) |
| 0:01 | Queue | Villager (Male) |
| 0:02 | Build | House |
| 0:03 | Build | House |
| 0:07 | Queue | Villager (Male) |
| 0:07 | Queue | Villager (Male) |
| 1:23 | Queue | Villager (Male) |
| 1:24 | Queue | Villager (Male) |
| 1:39 | Queue | Villager (Male) |
| 1:39 | Queue | Villager (Male) |
| 1:52 | Build | Lumber Camp |
| 2:31 | Queue | Villager (Male) |
| 2:31 | Queue | Villager (Male) |
| 2:31 | Queue | Villager (Male) |
| 2:53 | Queue | Villager (Male) |
| 2:53 | Queue | Villager (Male) |
| 2:53 | Queue | Villager (Male) |
| 3:14 | Build | House |
| 3:16 | Build | House |
| 3:20 | Queue | Villager (Male) |
| 3:20 | Queue | Villager (Male) |
| 3:38 | Queue | Villager (Male) |
| 3:38 | Queue | Villager (Male) |
| 3:38 | Queue | Villager (Male) |
| 4:14 | Queue | Villager (Male) |
| 4:14 | Queue | Villager (Male) |
| 4:33 | Build | House |
| 4:40 | Queue | Villager (Male) |
| 4:40 | Queue | Villager (Male) |
| 4:54 | Build | Palisade Wall |
| 4:55 | Build | Palisade Wall |
| 4:56 | Build | Palisade Wall |
| 5:25 | Build | House |
| 5:31 | Build | House |
| 5:35 | Queue | Villager (Male) |
| 5:35 | Queue | Villager (Male) |
| 5:37 | Build | Mill |
| 5:42 | Queue | Villager (Male) |
| 5:59 | Build | Mill |
| 6:11 | Research | Loom |
| 6:24 | Build | Palisade Wall |
| 7:11 | Research | Feudal Age |
| 7:22 | Build | Palisade Wall |
| 7:28 | Build | Palisade Wall |
| 7:49 | Queue | Villager (Male) |
| 7:55 | Build | Palisade Wall |
| 7:56 | Build | Palisade Wall |
| 7:57 | Build | Palisade Wall |
| 7:57 | Build | Palisade Wall |
| 8:11 | Build | Palisade Wall |
| 8:17 | Queue | Villager (Male) |
| 8:48 | Build | Barracks |
| 8:49 | Build | Palisade Wall |
| 9:05 | Queue | Villager (Male) |
| 9:21 | Age | Feudal Age |
| 9:28 | Build | House |
| 9:29 | Queue | Villager (Male) |
| 9:31 | Research | Double-Bit Axe |
| 10:05 | Build | Palisade Gate |
| 10:13 | Queue | Villager (Male) |
| 10:18 | Research | Horse Collar |
| 10:24 | Build | Palisade Wall |
| 10:31 | Queue | Villager (Male) |
| 10:43 | Build | Farm |
| 11:02 | Build | Palisade Wall |
| 11:06 | Build | Blacksmith |
| 11:08 | Build | Archery Range |
| 11:12 | Queue | Villager (Male) |
| 11:13 | Build | Palisade Wall |
| 11:16 | Build | Farm |
| 11:22 | Build | Palisade Wall |
| 11:26 | Queue | Villager (Male) |
| 11:32 | Build | House |
| 11:40 | Queue | Villager (Male) |
| 11:41 | Build | Farm |
| 11:41 | Queue | Villager (Male) |
| 11:52 | Queue | Skirmisher |
| 11:53 | Queue | Skirmisher |
| 11:59 | Build | House |
| 12:04 | Queue | Skirmisher |
| 12:24 | Build | Blacksmith |
| 12:34 | Research | Town Watch |
| 12:45 | Queue | Skirmisher |
| 12:45 | Queue | Skirmisher |
| 12:54 | Build | Farm |
| 12:59 | Build | Farm |
| 13:06 | Queue | Skirmisher |
| 13:25 | Queue | Skirmisher |
| 13:28 | Build | Farm |
| 13:35 | Build | Farm |
| 13:36 | Build | Farm |
| 13:37 | Build | Farm |
| 13:39 | Queue | Skirmisher |
| 13:39 | Queue | Skirmisher |
| 13:52 | Build | Watch Tower |
| 13:59 | Queue | Villager (Male) |
| 14:00 | Queue | Villager (Male) |
| 14:01 | Queue | Skirmisher |
| 14:02 | Queue | Skirmisher |
| 14:36 | Build | Farm |
| 14:54 | Build | Market |
| 14:56 | Build | Market |
| 15:08 | Build | Farm |
| 15:08 | Build | Farm |
| 15:21 | Build | House |
| 15:29 | Build | Farm |
| 15:37 | Queue | Villager (Male) |
| 15:38 | Queue | Villager (Male) |
| 15:44 | Build | House |
| 15:44 | Build | House |
| 16:04 | Build | Farm |
| 16:06 | Queue | Villager (Male) |
| 16:11 | Build | Farm |
| 16:11 | Queue | Villager (Male) |
| 16:12 | Queue | Villager (Male) |
| 16:24 | Build | Farm |
| 16:29 | Build | Farm |
| 16:30 | Queue | Villager (Male) |
| 16:51 | Queue | Villager (Male) |
| 16:54 | Build | Mining Camp |
| 17:04 | Research | Fletching |
| 17:11 | Queue | Skirmisher |
| 17:16 | Queue | Villager (Male) |
| 17:26 | Build | Farm |
| 17:33 | Queue | Skirmisher |
| 17:34 | Queue | Skirmisher |
| 17:52 | Queue | Skirmisher |
| 17:56 | Queue | Villager (Male) |
| 17:59 | Queue | Villager (Male) |
| 18:03 | Queue | Skirmisher |
| 18:21 | Build | Farm |
| 18:31 | Queue | Villager (Male) |
| 18:34 | Build | Mill |
| 18:35 | Build | Farm |
| 18:35 | Build | Farm |
| 18:35 | Build | Farm |
| 18:35 | Build | Farm |
| 18:53 | Research | Wheelbarrow |
| 19:08 | Queue | Spearman |
| 19:18 | Queue | Villager (Male) |
| 20:01 | Queue | Villager (Male) |
| 20:23 | Queue | Villager (Male) |
| 20:40 | Research | Castle Age |
| 20:41 | Research | Castle Age |
| 20:49 | Build | Archery Range |
| 20:50 | Build | Archery Range |
| 21:04 | Build | Watch Tower |
| 21:27 | Build | Stable |
| 22:15 | Research | Bloodlines |
| 22:34 | Queue | Villager (Male) |
Match timeline
| 4:54 | DGHIR | El Docente · wall_segment Palisade Wall x1 |
| 4:55 | DGHIR | El Docente · wall_segment Palisade Wall x1 |
| 4:56 | DGHIR | El Docente · wall_segment Palisade Wall x1 |
| 5:38 | 挨打不还手 · first_building Barracks |
| 6:24 | DGHIR | El Docente · wall_segment Palisade Wall x7 |
| 7:22 | DGHIR | El Docente · wall_segment Palisade Wall x4 |
| 7:28 | DGHIR | El Docente · wall_segment Palisade Wall x11 |
| 7:55 | DGHIR | El Docente · wall_segment Palisade Wall x1 |
| 7:56 | DGHIR | El Docente · wall_segment Palisade Wall x1 |
| 7:57 | DGHIR | El Docente · wall_segment Palisade Wall x1 |
| 7:57 | DGHIR | El Docente · wall_segment Palisade Wall x1 |
| 8:11 | DGHIR | El Docente · wall_segment Palisade Wall x1 |
| 8:48 | DGHIR | El Docente · first_building Barracks |
| 8:49 | DGHIR | El Docente · wall_segment Palisade Wall x1 |
| 8:51 | 挨打不还手 · age_up feudal |
| 9:21 | DGHIR | El Docente · age_up feudal |
| 10:24 | DGHIR | El Docente · wall_segment Palisade Wall x1 |
| 10:25 | 挨打不还手 · wall_segment Palisade Wall x1 |
| 11:02 | DGHIR | El Docente · wall_segment Palisade Wall x1 |
| 11:08 | DGHIR | El Docente · first_building Archery Range |
| 11:11 | 挨打不还手 · first_building Archery Range |
| 11:13 | DGHIR | El Docente · wall_segment Palisade Wall x1 |
| 11:22 | DGHIR | El Docente · wall_segment Palisade Wall x1 |
| 11:29 | 挨打不还手 · wall_segment Palisade Wall x11 |
| 11:50 | 挨打不还手 · wall_segment Palisade Wall x10 |
| 12:06 | 挨打不还手 · wall_segment Palisade Wall x12 |
| 12:07 | 挨打不还手 · wall_segment Palisade Wall x12 |
| 12:20 | 挨打不还手 · wall_segment Palisade Wall x1 |
| 12:23 | 挨打不还手 · wall_segment Palisade Wall x1 |
| 12:24 | 挨打不还手 · wall_segment Palisade Wall x1 |
| 12:24 | 挨打不还手 · wall_segment Palisade Wall x2 |
| 12:24 | 挨打不还手 · wall_segment Palisade Wall x1 |
| 12:24 | 挨打不还手 · wall_segment Palisade Wall x1 |
| 12:25 | 挨打不还手 · wall_segment Palisade Wall x1 |
| 12:25 | 挨打不还手 · wall_segment Palisade Wall x2 |
| 12:25 | 挨打不还手 · wall_segment Palisade Wall x1 |
| 16:20 | 挨打不还手 · wall_segment Palisade Wall x1 |
| 16:20 | 挨打不还手 · wall_segment Palisade Wall x2 |
| 16:21 | 挨打不还手 · wall_segment Palisade Wall x1 |
| 16:21 | 挨打不还手 · wall_segment Palisade Wall x2 |
| 16:21 | 挨打不还手 · wall_segment Palisade Wall x1 |
| 16:21 | 挨打不还手 · wall_segment Palisade Wall x1 |
| 18:01 | 挨打不还手 · first_building Stable |
| 18:07 | DGHIR | El Docente · first_market_sell 100 stone |
| 21:27 | DGHIR | El Docente · first_building Stable |
| 21:50 | 挨打不还手 · first_market_buy 100 food |
| 21:53 | 挨打不还手 · first_market_sell 100 stone |
| 23:16 | DGHIR | El Docente · wall_segment Palisade Wall x1 |
| 23:17 | DGHIR | El Docente · wall_segment Palisade Wall x1 |
| 23:20 | DGHIR | El Docente · age_up castle |
| 23:38 | DGHIR | El Docente · first_market_buy 100 wood |
| 24:46 | 挨打不还手 · age_up castle |
| 25:55 | 挨打不还手 · wall_segment Palisade Wall x2 |
| 25:55 | 挨打不还手 · wall_segment Palisade Wall x1 |
| 25:56 | 挨打不还手 · wall_segment Palisade Wall x1 |
| 25:56 | 挨打不还手 · wall_segment Palisade Wall x1 |
| 25:56 | 挨打不还手 · wall_segment Palisade Wall x1 |
| 25:56 | 挨打不还手 · wall_segment Palisade Wall x1 |
| 25:56 | 挨打不还手 · wall_segment Palisade Wall x1 |
| 25:57 | 挨打不还手 · wall_segment Palisade Wall x1 |
| 25:57 | 挨打不还手 · wall_segment Palisade Wall x1 |
| 25:57 | 挨打不还手 · wall_segment Palisade Wall x2 |
| 25:57 | 挨打不还手 · wall_segment Palisade Wall x2 |
| 25:57 | 挨打不还手 · wall_segment Palisade Wall x1 |
| 25:58 | 挨打不还手 · wall_segment Palisade Wall x1 |
| 26:03 | DGHIR | El Docente · first_building Siege Workshop |
| 26:27 | 挨打不还手 · first_building Monastery |
| 31:32 | 挨打不还手 · first_building Siege Workshop |
| 32:21 | DGHIR | El Docente · resign |
[ AI ANALYSIS · 1 CREDIT ]
What really happened in this match?
Wolo.gg analyzes every decision: build order, eco, micro, common mistakes by bracket. Personalized analysis on WhatsApp or Discord in 30 seconds.
Civ guide
Britons
Perfil
Jugador #4925982